[Event "*** Titled Tuesday Blitz"]
[Site "Chess.com"]
[Date "2019.08.06"]
[Round "3"]
[White "Tjktiger"]
[Black "MarianPetrov"]
[Result "1-0"]
[WhiteElo "2828"]
[BlackElo "2549"]
[TimeControl "180+2"]
[EndTime "13:38:38 PDT"]
[Termination "Tjktiger won by resignation"]

1. c4 g6 2. Nc3 Bg7 3. d4 c5 4. d5 Nf6 5. g3 O-O 6. Bg2 d6 7. Nf3 e5 8. O-O Nbd7 9. e4 Ne8 10. Ne1 f5 11. Nd3 Nef6 12. Qe2 fxe4 13. Nxe4 Nxe4 14. Bxe4 Nf6 15. Bg5 Bh3 16. Bg2 Bf5 17. f4 exf4 18.
Nxf4 Qd7 19. Ne6 Rfe8 20. Rae1 Ng4 21. Kh1 Ne5 22. Rxf5 gxf5 23. Rf1 Qf7 24. Bh3 Rxe6 25. dxe6 Qxe6 26. Bxf5 Qe8 27. Be4 Kh8 28. b3 Rb8 29. a4 b6 30. Qg2 Qh5 31. Be7 Qh6 32. h4 Re8 33. Bg5 Qh5 34. Bd5 Rf8 35. Rxf8+ Bxf8 36. Qf2 Bg7 37. Qf5 Qe8 38. Kg2 Qf8 39. Qe6 h6 40. Be7 Qe8 41. Qxd6 Ng6 42. Bc6 Qxe7 43. Qxg6 Qe2+ 44. Kh3 Qf1+ 45. Bg2 Qf6 46. Qg4 Bf8 47. Be4 Bd6 48. Qd7 Qe7 49. Qf5 Qg7 50. Qc8+ Qf8 51. Qe6 Kg7 52. Qg6+ 1-0

[Event "*** Titled Tuesday Blitz"]
[Site "Chess.com"]
[Date "2019.08.06"]
[Round "3"]
[White "Hanging_pointer"]
[Black "Schachspielerr"]
[Result "1-0"]
[WhiteElo "2474"]
[BlackElo "2651"]
[TimeControl "180+2"]
[EndTime "13:38:42 PDT"]
[Termination "Hanging_pointer won by resignation"]

1. e4 e5 2. Nf3 Nc6 3. Bc4 Bc5 4. d3 Nf6 5. O-O d6 6. c3 Bb6 7. a4 a6 8. b4 a5 9. b5 Ne7 10. Nbd2 Ng6 11. d4 O-O 12. Re1 exd4 13. cxd4 d5 14.
exd5 Nxd5 15. Qb3 Ndf4 16. Ba3 Bf5 17. Bxf8 Qxf8 18. Ne4 h6 19. Ng3 Bg4 20. Ne5 Nxe5 21. dxe5 Rd8 22. h3 Rd2 23. Ne4 Bxf2+ 24. Nxf2 Qc5 25. Qe3 Qxc4 26. Qxd2 Ne2+ 27. Rxe2 Bxe2 28. Re1 Bh5 29. Re4 Qe6 30. Re3 Bg6 31. Qd4 Qa2 32.
Ng4 Bf5 33. Kh2 Be6 34. Qf4 Bd5 35. Rg3 Kf8 36. Ne3 Be6 37. Nf5 g5 38. Qf3 Qb2 39.
Nxh6 Qxe5 40. Ng4 Qd6 41. Qe3 f5 42. Qe5 fxg4 43. Qxd6+ cxd6 44. hxg4 Ke7 45. Rc3 Kd7 46. Kg3 Bd5 47. Rd3 Be4 48. Rd4 d5 49. Kf2 Kd6 50. g3 Kc5 51. Ke3 Bg2 52. Kd3 Be4+ 53. Kc3 Bf3 54. Rd2 Bxg4 55. Rf2 d4+ 56. Kd3 Be6 57. Rc2+ Kd5 58. Rc7 Bf5+ 59. Kd2 Bb1 60. Rxb7 Kc4 61. Rd7 Kc5 62. Rc7+ Kb4 63. b6 Be4 64.
Rd7 Kc5 65. b7 1-0

[Event "*** Titled Tuesday Blitz"]
[Site "Chess.com"]
[Date "2019.08.06"]
[Round "3"]
[White "oskariot"]
[Black "Annawel"]
[Result "0-1"]
[WhiteElo "2676"]
[BlackElo "3001"]
[TimeControl "180+2"]
[EndTime "13:38:44 PDT"]
[Termination "Annawel won on time"]

1. d4 d6 2. g3 f5 3. Bg2 Nf6 4. c4 g6 5. Nc3 Bg7 6. Nf3 O-O 7. O-O c6 8. b3 Qc7 9. Ba3 Na6 10. Re1 Re8 11. e4 Qa5 12. Bb2 fxe4 13. Nxe4 Nxe4 14. Rxe4 Bf5 15. Re3 e5 16. dxe5 dxe5 17. Bc3 Qc5 18.
Qe1 Re7 19. Ng5 Rd8 20. h4 Qd6 21. Ne4 Bxe4 22. Bxe4 Nc5 23. Bc2 Qe6 24. Rd1 Rxd1 25. Qxd1 Qd7 26. Qe1 Qe6 27. Bb4 b6 28. Bxc5 bxc5 29.
Be4 Rd7 30. Kg2 Rd4 31. Qa5 Qe7 32. Qa6 Bf6 33. Qxc6 Kg7 34. Re2 Qd6 35. Qb7+ Qd7 36.
Qxd7+ Rxd7 37. Bd5 a5 38. Kf3 h5 39. Ke4 Ra7 40. Bc6 Ra6 41. Bd5 a4 42. Re3 axb3 43.
axb3 Ra2 44. Kf3 Rb2 45. Be4 Bd8 46. Rd3 Be7 47. Kg2 Kf7 48. Kf3 g5 49. hxg5 Bxg5 50.
Rd7+ Ke6 51. Rb7 Bd2 52. Rb6+ Ke7 53. Rb7+ Ke6 54. Bd5+ Kd6 55. Rb6+ Kd7 56. Kg2 Be1 57. Rf6 Rxb3 58. Kf1 Bc3 59. Rc6 Bd4 60. Rh6 Rb1+ 61.
Kg2 Rb2 62. Rf6 e4 63. Rf7+ Ke8 64. Rf5 e3 65. Rxh5 e2 66. Rh1 Bc3 67. Rh8+ Bxh8 0-1

[Event "*** Titled Tuesday Blitz"]
[Site "Chess.com"]
[Date "2019.08.06"]
[Round "3"]
[White "David_Paravyan"]
[Black "promen1999"]
[Result "1/2-1/2"]
[WhiteElo "2891"]
[BlackElo "2736"]
[TimeControl "180+2"]
[EndTime "13:38:44 PDT"]
[Termination "Game drawn - insufficient material"]

1. e4 c5 2. Nf3 Nc6 3. Nc3 e5 4. Bc4 Be7 5. d3 d6 6. h3 Nf6 7. Nh2 O-O 8. Ng4 Be6 9. Nd5 Bxd5 10. Nxf6+ Bxf6 11. Bxd5 Bg5 12. O-O Rc8 13. c3 Rc7 14. a4 Bxc1 15. Qxc1 Ne7 16. Bc4 d5 17. exd5 Nxd5 18. Re1 Re8 19. a5 h6 20. Qd1 a6 21. Qf3 Nf4 22. Re3 Kh8 23. Rae1 Rce7 24. h4 f6 25. g3 Ne6 26. Bxe6 Rxe6 27. Qxb7 Qxa5 28. Qd5 Qb6 29. R1e2 Rd6 30. Qc4 Qb5 31.
f4 Qxc4 32. dxc4 Rb6 33. fxe5 fxe5 34. h5 a5 35. Rxe5 Rxe5 36. Rxe5 Rxb2 37. Rxc5 Rc2 38.
Rxa5 Rxc3 39. Rc5 Rxg3+ 40. Kf2 Rh3 41. Kg2 Rc3 42. Rc8+ Kh7 43. Rc7 Kg8 44. c5 Kf8 45. c6 Rc5 46. Kf3 Rxh5 47. Rd7 Ke8 48. Rxg7 Rc5 49. c7 h5 50. Ke4 h4 51. Kd4 Rc1 52. Kd5 h3 53. Kd6 Rd1+ 54. Kc6 Rc1+ 55. Kb7 h2 56. Rh7 Rb1+ 57. Ka7 Ra1+ 58. Kb6 Rb1+ 59.
Ka6 Ra1+ 60. Kb7 Rb1+ 61. Kc6 Rc1+ 62. Kd6 Rd1+ 63. Ke6 Re1+ 64. Kd5 Rc1 65. Kd6 Rd1+ 66. Ke6 Re1+ 67. Kf5 Rc1 68. Rxh2 Rxc7 69. Rh8+ Kd7 70. Rh7+ Kc6 71. Rxc7+ Kxc7 1/2-1/2

[Event "*** Titled Tuesday Blitz"]
[Site "Chess.com"]
[Date "2019.08.06"]
[Round "3"]
[White "FrenchMonster2002"]
[Black "AbasovN"]
[Result "0-1"]
[WhiteElo "2505"]
[BlackElo "2884"]
[TimeControl "180+2"]
[EndTime "13:38:50 PDT"]
[Termination "AbasovN won by checkmate"]

1. e4 c5 2. Nc3 Nc6 3. Bb5 Nf6 4. Bxc6 dxc6 5. f4 g6 6. Nf3 Bg7 7. O-O O-O 8. d3 Bg4 9. Be3 Nd7 10. h3 Bxf3 11. Qxf3 Bxc3 12. bxc3 f5 13. Rae1 Qa5 14. exf5 Rxf5 15. Bd2 Re8 16. Qe2 Nf8 17. c4 Qa3 18. g4 Rf7 19. f5 Qb2 20. fxg6 hxg6 21. Rxf7 Kxf7 22. c3 Kg8 23. Rf1 Rd8 24. Qxe7 Qxd2 25. Qxd8 Qe3+ 26. Kg2 Qd2+ 27. Rf2 Qh6 28. Qe7 Qg7 29.
Qxg7+ Kxg7 30. Rb2 b6 31. a4 Kf6 32. a5 Nd7 33.
Kf3 Ke5 34. Re2+ Kd6 35. axb6 axb6 36. Kf4 b5 37. cxb5 cxb5 38. Kg5 Ne5 39. d4 cxd4 40. cxd4 Nf3+ 41. Kxg6 Nxd4 42. Re1 Nf3 43. Rb1 Kc5 44.
g5 b4 45. Kf6 Nd2 46. Rh1 Ne4+ 47. Kf5 Ng3+ 48. Kf4 Nxh1 49. g6 b3 50. g7 b2 51.
g8=Q b1=Q 52. Qc8+ Kd4 53. Qd8+ Kc3 54. Qc8+ Kd2 55.
Qd7+ Ke2 56. Qe6+ Kf1 57. Qe3 Nf2 58. Kg3 Qg6+ 59. Kf3 Qf5+ 60. Kg3 Qxh3+ 61. Kf4 Qh6+ 62. Kf3 Qh5+ 63. Kf4 Qh6+ 64. Kf3 Qf6+ 65. Kg3 Qg6+ 66. Kf3 Qg4# 0-1

[Event "*** Titled Tuesday Blitz"]
[Site "Chess.com"]
[Date "2019.08.06"]
[Round "3"]
[White "IMRosen"]
[Black "krzyzan94"]
[Result "1-0"]
[WhiteElo "2614"]
[BlackElo "2753"]
[TimeControl "180+2"]
[EndTime "13:38:52 PDT"]
[Termination "IMRosen won by resignation"]

1. d4 Nf6 2. Bf4 c5 3. e3 d6 4. Nf3 Nc6 5. c3 cxd4 6. exd4 g6 7. Bg3 Bg7 8. Be2 O-O 9. O-O Ne4 10. Nbd2 Nxg3 11.
hxg3 e5 12. dxe5 dxe5 13. Nc4 Be6 14. Ng5 Bd5 15. Ne3 Qxg5 16. Qxd5 Rad8 17. Qb3 b6 18. Bf3 Ne7 19. Rad1 h5 20. Qa3 a5 21. Qb3 Nc8 22. Nd5 h4 23. gxh4 Qxh4 24. Nxb6 Nd6 25. g3 Qg5 26. Rd5 Qf6 27. Bg2 e4 28. Rfd1 e3 29.
fxe3 Bh6 30. c4 Nf5 31. e4 Ne3 32. Rxd8 Rxd8 33. Rxd8+ Qxd8 34. Nd5 Ng4 35. Qf3 Qc8 36. Qxg4 Qxc4 37. Qc8+ Qxc8 38. Ne7+ Kf8 39. Nxc8 Be3+ 40.
Kf1 Bc5 41. Ke2 Ke8 42. Kd3 Kd8 43. Bh3 Kc7 44. Kc4 Bf2 45. Ne7 Bxg3 46. Nd5+ Kc6 47.
a3 Be5 48. b4 axb4 49. axb4 Kd6 50. b5 Bg3 51. Bg2 Be5 52. Bf1 f5 53. exf5 gxf5 54. Be2 f4 55. Bf3 Kd7 56. Nb4 Kc7 57. Bc6 Kd6 58. Nd3 Bf6 59. Nxf4 Bd8 60. Nd5 Ba5 61. Nc3 Bb6 62. Ne4+ Ke5 63. Nc5 Kd6 64. Na4 Ba5 65. Bd5 Bd2 66. b6 Be3 67. b7 Ba7 68. Nc3 Bb8 69. Kb5 Kc7 70. Ka6 Kd6 71. Bf3 Kc5 72.
Na4+ Kd6 73. Kb6 Kd7 74. Nc5+ Kd8 75. Nd3 Bg3 76. Nb4 Bf2+ 77. Kc6 Bg3 78. Na6 Ke7 79. Nc7 1-0

[Event "*** Titled Tuesday Blitz"]
[Site "Chess.com"]
[Date "2019.08.06"]
[Round "3"]
[White "Msb2"]
[Black "LuckyTiger"]
[Result "0-1"]
[WhiteElo "2851"]
[BlackElo "2669"]
[TimeControl "180+2"]
[EndTime "13:38:54 PDT"]
[Termination "LuckyTiger won by checkmate"]

1. d4 Nf6 2. c4 c5 3. d5 b5 4. cxb5 a6 5. bxa6 g6 6. Nc3 Bxa6 7. e4 Qa5 8. Bd2 Bxf1 9. Kxf1 d6 10. g3 Bg7 11. Kg2 O-O 12. Nf3 Na6 13. Qe2 Rfb8 14. b3 Nb4 15. a4 Qa6 16. Qxa6 Rxa6 17.
Rab1 Rab6 18. Bg5 Ne8 19. Nb5 R6b7 20. Nd2 Nc7 21. Nxc7 Rxc7 22. Nc4 Nc2 23. a5 Nd4 24. Rhd1 Nb5 25. Rd2 Nc3 26. Re1 Rxb3 27. Rc2 Rb4 28. Nb6 Nxe4 29. Bc1 f5 30. Ba3 Rb3 31. Nc4 Bd4 32.
f3 Nf6 33. Bc1 Nxd5 34. Bd2 Nb4 35. Bxb4 Rxb4 36. Rd1 Ra7 37. Nb6 Rxa5 38. Nd5 Rb7 39. Nf4 Be5 40. Nd3 Bf6 41. f4 Kf7 42. Ne1 Rb2 43. Rxb2 Bxb2 44. Nd3 Bd4 45. Kf3 Ra3 46. Ke2 Ra2+ 47. Rd2 Rxd2+ 48. Kxd2 Bg1 49. Ke2 Kf6 50. Kf1 Bd4 51. Ke2 e5 52. fxe5+ dxe5 53. Nc1 c4 54. Na2 g5 55. Nb4 g4 56. Nc6 c3 57. Nb4 h5 58. Kd3 Bg1 59. Kxc3 Bxh2 60. Kd3 Bxg3 61. Ke2 e4 62. Nd5+ Kg5 63. Nc3 Bb8 64. Kf1 h4 65. Kg2 h3+ 66. Kh1 g3 67. Ne2 g2+ 68. Kg1 Ba7+ 69. Kh2 g1=Q+ 70. Nxg1 Bxg1+ 71. Kxh3 Ba7 72. Kg2 f4 73. Kf1 f3 74. Ke1 e3 75. Kf1 Bb6 76. Ke1 Ba5+ 77. Kf1 e2+ 78. Kg1 e1=Q+ 79. Kh2 Qf2+ 80.
Kh3 Qg2# 0-1

[Event "*** Titled Tuesday Blitz"]
[Site "Chess.com"]
[Date "2019.08.06"]
[Round "3"]
[White "Chopper1905"]
[Black "Gubajdullin"]
[Result "1/2-1/2"]
[WhiteElo "2823"]
[BlackElo "2595"]
[TimeControl "180+2"]
[EndTime "13:39:03 PDT"]
[Termination "Game drawn by agreement"]

1. e4 c6 2. Nf3 d5 3. Nc3 Bg4 4. h3 Bxf3 5. Qxf3 Nf6 6. g3 e6 7.
Bg2 Be7 8. O-O O-O 9. Rd1 Na6 10.
d4 dxe4 11. Nxe4 Nxe4 12. Qxe4 Nb4 13. c3 Nd5 14. h4 a5 15. a4 Bf6 16. Qc2 Qb6 17. Be4 g6 18. Bh6 Rfe8 19. Re1 Ne7 20. Rad1 Rad8 21. Kg2 Nf5 22. Bc1 h5 23. Re2 Ne7 24.
Rde1 Kg7 25. Qd2 Kg8 26. Qf4 Bg7 27. Bc2 Nd5 28. Qf3 Qc7 29. Bg5 Rc8 30. Be4 Qd7 31. Bc2 Qd6 32. g4 hxg4 33. Qxg4 Nf6 34. Bxf6 Bxf6 35. h5 Qd5+ 36. Qf3 Qxf3+ 37. Kxf3 gxh5 38.
Rg1+ Kf8 39. Rh1 h4 40. Kg4 Ke7 41. Kh3 Rg8 42. Ree1 Rg7 43. Rhg1 Rcg8 44. Rxg7 Rxg7 45. Be4 Kd6 46. Bf3 Rg5 47. Be4 Rg7 48. Rb1 Kc7 49. Bg2 Rg5 50. Be4 Rg8 51. Bg2 Be7 52. Be4 Rg5 53.
Re1 Rg7 54. Bg2 Bf6 55. Re4 Kd6 56. Rg4 Rxg4 57. Kxg4 b5 58. axb5 cxb5 59. Kf4 b4 60. cxb4 axb4 61. Ke4 Kc6 62. Kd3+ Kb5 63. b3 Bg5 64. d5 e5 65. Bh3 Kc5 66. Ke4 Bf4 67. f3 Kd6 68. Bf5 Kc5 69. Bh3 Bg3 70. Bf5 Kd6 71.
Bh3 Ke7 72. Bf5 Kd6 73. Bh3 Bf2 74. Bf5 Bc5 75. Bh3 f6 76. Bf5 Ke7 77. Bh3 Bd6 78.
Be6 Kf8 79. Bh3 Kg7 80. Bg4 Kg6 81. Bh3 Kg5 82. Bg4 Kg6 83. Bf5+ Kf7 84. Bh3 Ke7 85. Kf5 Bc5 86. Ke4 Bd4 87. Bg4 Bc3 88. Bh3 Kd6 89. Bf5 Kc5 90. Bh3 Bd2 91. Bf5 Bg5 92.
Bh3 Kd6 93. Be6 Bf4 94. Bh3 Bg3 95. Be6 Bf2 96. Bh3 Bb6 97. Be6 Bd8 98. Bh3 Be7 99.
Bf5 Bf8 100. Bh3 Bh6 101. Bf5 Bf4 102. Bh3 f5+ 103. Bxf5 Bg3 104. Bh3 1/2-1/2

[Event "*** Titled Tuesday Blitz"]
[Site "Chess.com"]
[Date "2019.08.06"]
[Round "3"]
[White "PIwan"]
[Black "champ2005"]
[Result "0-1"]
[WhiteElo "2530"]
[BlackElo "2871"]
[TimeControl "180+2"]
[EndTime "13:39:05 PDT"]
[Termination "champ2005 won by resignation"]

1. c4 e5 2. Nc3 Nf6 3. Nf3 Nc6 4. e3 Bb4 5. Qc2 O-O 6. Nd5 d6 7. a3 Ba5 8. b4 Bb6 9. Bd3 h6 10. Nxf6+ Qxf6 11. Bb2 Re8 12. O-O a5 13. c5 Ba7 14.
b5 Nd8 15. cxd6 cxd6 16. Bh7+ Kh8 17. Be4 Bd7 18. d4 Bxb5 19. Rfd1 Nc6 20. a4 Ba6 21.
Bxc6 bxc6 22. Qxc6 Be2 23. dxe5 dxe5 24. Rd6 Bxf3 25.
Rxf6 Bxc6 26. Rxc6 f6 27. Rac1 Rab8 28. Ba3 Rb3 29. Bd6 Kh7 30. h3 Bb8 31. R1c5 Bxd6 32. Rxd6 Ra8 33. Rd7 Rb4 34. Rcc7 Rg8 35. Ra7 Rxa4 36.
Rd5 h5 37. Rdxa5 Rxa5 38. Rxa5 Kg6 39. e4 h4 40. g3 hxg3 41. fxg3 Rb8 42. Kf2 Rb2+ 43.
Kf3 Rb3+ 44. Kf2 Kg5 45. Ra7 Kg6 46. Ra8 Rb2+ 47. Kf3 Rh2 48. h4 Rb2 49. Ra7 Rb3+ 50. Kf2 Kh6 51. Rc7 Rb6 52. Rd7 Kg6 53. Rc7 Rb3 54. Rd7 Rb6 55. Rc7 Kh6 56. Rd7 g6 57.
Rc7 f5 58. Re7 Rb5 59. Re6 Kh5 60. Rf6 Rb2+ 61. Kf3 Rb3+ 62. Kf2 fxe4 63. Re6 Rf3+ 64.
Kg2 Rf5 65. Kh3 Kh6 66. h5 Rxh5+ 67. Kg2 Rf5 68. g4 Rf4 69. Rxe5 Rxg4+ 70. Kh3 Rf4 71. Kg3 g5 72. Re8 Kg6 73. Rg8+ Kf5 74. Rg7 e3 75. Rf7+ Ke4 76. Re7+ Kd3 0-1

[Event "*** Titled Tuesday Blitz"]
[Site "Chess.com"]
[Date "2019.08.06"]
[Round "3"]
[White "AliKa2810"]
[Black "Agent-JL"]
[Result "1-0"]
[WhiteElo "2525"]
[BlackElo "2347"]
[TimeControl "180+2"]
[EndTime "13:39:08 PDT"]
[Termination "AliKa2810 won by resignation"]

1. Nf3 Nf6 2. g3 b6 3. Bg2 c5 4. O-O Bb7 5. c4 g6 6. d4 cxd4 7. Qxd4 Bg7 8. Nc3 O-O 9. Qh4 Nc6 10. Bh6 Nh5 11. Bxg7 Kxg7 12. Rad1 d6 13. Nd4 Rc8 14.
b3 e6 15. Qxd8 Rfxd8 16. Ndb5 d5 17. cxd5 Na5 18. dxe6 Bxg2 19. Kxg2 Rxd1 20. Rxd1 a6 21.
e7 Re8 22. Nd6 Rxe7 23. e3 Nf6 24. Nd5 Nxd5 25. Rxd5 Re6 26. e4 Nc6 27. Nc8 Kf6 28.
Nxb6 Nb4 29. Nd7+ Ke7 30. Nc5 Rc6 31. Rd4 Nxa2 32. Nd3 Nc3 33. Ne5 Re6 34. Kf3 Rxe5 35. Rc4 Nb5 36. Kf4 Re6 37. e5 f6 38. exf6+ Rxf6+ 39. Ke3 Re6+ 40. Kf4 Nd6 41. Rc7+ Kf6 42. Rxh7 Re4+ 43. Kf3 Rb4 44. Rd7 Rxb3+ 45. Kg4 Nf5 46. f4 Rb4 47. Ra7 Rb6 48. h4 Ne3+ 49. Kf3 Nc4 50. g4 Nd6 51. h5 gxh5 52. gxh5 Nf5 53.
Kg4 Rb3 54. Rxa6+ Kg7 55. Kxf5 Rb5+ 56. Kg4 Rd5 57. Ra7+ Kh6 58. Ra6+ Kg7 59. Rg6+ Kh7 60. f5 Rd7 61. Ra6 Rf7 62. Kg5 Rg7+ 63. Rg6 Rf7 64.
h6 Kh8 65. Ra6 Kh7 66. Rg6 Kh8 67.
Rf6 Re7 68. Kg6 Re8 69. Rf7 Rg8+ 70. Rg7 Rf8 71. Ra7 Rg8+ 72. Kf6 Rf8+ 73. Rf7 Rg8 74. Ke7 Rg1 75. f6 Re1+ 76. Kf8 Re6 77. h7 Re5 78.
Re7 Rf5 79. Kf7 Kxh7 80. Ke6+ Kg6 81. Rg7+ 1-0

[Event "*** Titled Tuesday Blitz"]
[Site "Chess.com"]
[Date "2019.08.06"]
[Round "3"]
[White "GrandGlacier"]
[Black "Pakarma"]
[Result "1-0"]
[WhiteElo "2419"]
[BlackElo "2396"]
[TimeControl "180+2"]
[EndTime "13:39:10 PDT"]
[Termination "GrandGlacier won by resignation"]

1. b3 c5 2. Bb2 Nc6 3. f4 d5 4.
Nf3 Bg4 5. e3 f6 6. Bb5 Qb6 7. a4 a6 8. Bxc6+ Qxc6 9. O-O Nh6 10. h3 Bh5 11. d3 O-O-O 12. Qe1 e6 13. Nbd2 Bd6 14. c4 Rhg8 15. cxd5 exd5 16. b4 Kb8 17. bxc5 Bxc5 18. Nb3 Ba7 19. Bd4 Bxf3 20. Rxf3 Nf5 21. Bxa7+ Kxa7 22. Qb4 Qb6 23. Qxb6+ Kxb6 24. a5+ Ka7 25.
Nc5 d4 26. Rb1 Nd6 27. e4 Rc8 28. Ne6 Nb5 29. Rb4 Rc1+ 30. Rf1 Rc3 31. Nxd4 Rxd3 32.
Nxb5+ axb5 33. Rxb5 Rc8 34. Rfb1 Rc7 35. e5 fxe5 36. Rxe5 Rd2 37. Reb5 g6 38. R1b2 Rd1+ 39. Kh2 Rd4 40. Kg3 Ra4 41. Kg4 Rf7 42. g3 Ra3 43.
R2b3 Ra4 44. h4 Ka6 45. Rb6+ Ka7 46. R6b5 Ka6 47. Rb6+ Ka7 48. R3b5 Ra3 49. h5 gxh5+ 50. Rxh5 Rg7+ 51. Rg5 Re7 52. Rh6 Ree3 53. Kf5 Rxa5+ 54. Kg4 Raa3 55. Rh3 Re7 56. f5 Ra4+ 57. Kh5 b5 58. f6 Re6 59. Rf5 Re8 60. f7 Rf8 61. g4 Ra6 62. Re3 Rb6 63. Re8 Rb8 64. Rxb8 Kxb8 65.
Kh6 Kc7 66. Kg7 Rxf7+ 67. Kxf7 Kc6 68. Kg7 b4 69. Kxh7 b3 70. Rf3 Kc5 71. Rxb3 1-0

[Event "*** Titled Tuesday Blitz"]
[Site "Chess.com"]
[Date "2019.08.06"]
[Round "3"]
[White "ClockworkKubrick"]
[Black "ZenBull"]
[Result "1/2-1/2"]
[WhiteElo "2189"]
[BlackElo "2125"]
[TimeControl "180+2"]
[EndTime "13:39:13 PDT"]
[Termination "Game drawn - insufficient material"]

1. e4 c5 2. Nf3 e6 3. Nc3 Nc6 4.
Bb5 Nge7 5. O-O a6 6. Bxc6 Nxc6 7. d3 Be7 8. h3 O-O 9. Nh2 b5 10. f4 Bb7 11. Nf3 Rc8 12. Rf2 Qc7 13. f5 Nd4 14. Be3 exf5 15. Nxd4 cxd4 16. Bxd4 fxe4 17. dxe4 Bc5 18. Nd5 Bxd5 19. exd5 d6 20. c3 Bxd4 21. Qxd4 Qc5 22. Qe4 Rfe8 23. Qf3 Rc7 24. Rf1 Re5 25. Rd1 Rce7 26. Kh2 h6 27. Rd4 Rg5 28. h4 Rge5 29. g3 Re3 30. Qf4 R3e5 31. a3 Qc7 32. Rd3 Qc5 33. Rd4 Rxd5 34. Rxd5 Qxd5 35. Rd2 Qe5 36. Rxd6 Qxf4 37. gxf4 Re2+ 38. Kg3 Rxb2 39.
Rb6 Rb3 40. Rxa6 Rxc3+ 41. Kg4 g6 42. h5 Kg7 43. Rb6 Rxa3 44. Rxb5 Ra1 45. hxg6 Rg1+ 46.
Kf3 Kxg6 47. Rb6+ f6 48. Rb8 Rf1+ 49. Kg4 h5+ 50. Kg3 Rg1+ 51. Kf3 Rg4 52. Rg8+ Kf5 53.
Rb8 Rxf4+ 54. Kg3 Rg4+ 55. Kf3 Rg5 56. Re8 h4 57. Rh8 Rg3+ 58. Kf2 Rh3 59. Kg2 Ra3 60. Rxh4 Kg5 61. Rh8 f5 62. Kf2 Kf4 63.
Rb8 Ra2+ 64. Ke1 Kg4 65. Kf1 f4 66. Rb7 Kg3 67. Rg7+ Kf3 68. Ke1 Ra1+ 69. Kd2 Ra3 70. Ke1 Re3+ 71. Kf1 Rb3 72. Ke1 Rb1+ 73. Kd2 Rb6 74.
Ke1 Re6+ 75. Kf1 Ke3 76. Rf7 f3 77. Ra7 Rh6 78. Ra3+ Kf4 79. Ra7 Rh1+ 80. Kf2 Rh2+ 81. Kf1 Rb2 82. Rf7+ Ke3 83. Re7+ Kd4 84. Re6 Kd5 85.
Re8 Rb4 86. Kf2 Rf4 87. Re3 Kd4 88. Rxf3 Rxf3+ 89. Kxf3 1/2-1/2

[Event "*** Titled Tuesday Blitz"]
[Site "Chess.com"]
[Date "2019.08.06"]
[Round "3"]
[White "GMKrikor"]
[Black "riconaipe"]
[Result "1-0"]
[WhiteElo "2664"]
[BlackElo "2439"]
[TimeControl "180+2"]
[EndTime "13:39:30 PDT"]
[Termination "GMKrikor won by resignation"]

1. g3 d5 2. Bg2 c6 3. Nf3 Nf6 4. O-O Bg4 5. h3 Bh5 6. d3 Nbd7 7. Nbd2 e6 8. e4 Be7 9. Qe2 O-O 10. Re1 Qc7 11. e5 Ne8 12. Nf1 Qb6 13. g4 Bg6 14.
Ng3 Nc7 15. h4 f6 16. h5 Bf7 17. h6 g6 18. exf6 Bxf6 19. g5 Bh8 20. Bf4 e5 21. Nxe5 Nxe5 22. Bxe5 Rae8 23. d4 Bxe5 24. dxe5 Ne6 25. Qd2 Qxb2 26. Rab1 Qd4 27. Qxd4 Nxd4 28. Rxb7 Nxc2 29. Rc1 Nd4 30. Rb4 Ne6 31. Rxc6 Nxg5 32. f4 Ne6 33. Ne2 g5 34. f5 Nd8 35. Rc7 Rxe5 36.
Nd4 Be8 37. Rb8 Nf7 38. Ne6 Nxh6 39. Nxf8 Kxf8 40. Rxh7 Nxf5 41. Rxa7 Ne3 42. Kf2 g4 43. Kg3 Nxg2 44. Kxg2 Re7 45. Ra5 Rd7 46. Raa8 Re7 47. Rd8 Re5 48. Kg3 Kf7 49. Kxg4 Bc6 50. Rac8 Ba4 51. Kf4 Re4+ 52. Kf5 Re7 53. Rc5 Bd7+ 54. Kf4 Be6 55. Ke5 Bh3+ 56. Kd6 Re2 57. a4 d4 58. Kc7 Re4 59. Rc4 Be6 60. Rcxd4 Re5 61. Kb6 Ke7 62. a5 Re1 63. Rh8 Rb1+ 64. Ka7 Kf6 65. Rd6 Ke5 66. Rb6 Ra1 67. Re8 Rxa5+ 68. Kb8 Rd5 69. Rexe6+ Kd4 70. Red6 Kc5 71. Rxd5+ Kxb6 72. Rh5 1-0

[Event "*** Titled Tuesday Blitz"]
[Site "Chess.com"]
[Date "2019.08.06"]
[Round "3"]
[White "aquaticpineapples"]
[Black "Samantha_Ross"]
[Result "0-1"]
[WhiteElo "2140"]
[BlackElo "2076"]
[TimeControl "180+2"]
[EndTime "13:39:46 PDT"]
[Termination "Samantha_Ross won by checkmate"]

1. d4 d6 2. Nf3 Nd7 3. e4 e5 4.
Bc4 Ngf6 5. Nbd2 Be7 6. Bxf7+ Kxf7 7. Ng5+ Kg8 8. Ne6 Qe8 9. Nxc7 Qg6 10. Nxa8 Qxg2 11.
Qf3 Qxf3 12. Nxf3 Nxe4 13. Nc7 Nb6 14. Nb5 a6 15. Nc3 Nxc3 16. bxc3 Bg4 17. Ng1 Nd5 18. f3 Bf5 19. Ne2 Kf7 20. Bd2 Bxc2 21. c4 Nf6 22.
Bc3 Bd3 23. dxe5 dxe5 24. Bxe5 Bxc4 25. Kf2 Re8 26. f4 Ng4+ 27. Kf3 Nxe5+ 28. fxe5 Bd5+ 29. Kf4 Bxh1 30. Rxh1 Ke6 31. Rd1 Bc5 32. Nd4+ Bxd4 33.
Rxd4 Rf8+ 34. Ke4 Rf2 35. Rd6+ Ke7 36. Rb6 Re2+ 37. Kd5 Rd2+ 38. Ke4 Rd7 39. a4 Kd8 40. a5 Kc7 41. Kf5 Rd2 42. Re6 Rf2+ 43. Ke4 Rxh2 44.
Re7+ Kc6 45. Rxg7 Ra2 46. Rxh7 Rxa5 47. Rh6+ Kc5 48. e6 Kd6 49. Rh7 Re5+ 50. Kd4 Rd5+ 51. Kc4 b5+ 52. Kb4 Rd4+ 53. Kc3 Rc4+ 54. Kb3 Ra4 55. e7 Kd7 56. Rg7 Ke8 57. Rh7 Rg4 58.
Rh6 a5 59. Rb6 Rb4+ 60. Ka3 Kxe7 61. Rh6 Kd7 62. Ra6 Ra4+ 63. Kb3 Kc7 64. Rh6 Kb7 65. Rg6 Rc4 66. Rh6 Rc6 67. Rh5 Kb6 68. Rg5 a4+ 69.
Kb4 Rc4+ 70. Ka3 Ka5 71. Rh5 Rf4 72. Kb2 Rf3 73. Rg5 Rb3+ 74. Ka2 Rc3 75. Rh5 Kb4 76.
Kb2 Rc4 77. Rg5 Rh4 78. Rg2 Ka5 79. Ka2 Rh3 80. Kb2 Kb4 81. Rg4+ Ka5 82. Rg2 a3+ 83. Ka2 b4 84. Rf2 Ka4 85. Rg2 b3+ 86. Kb1 Rh1+ 87.
Rg1 Rxg1# 0-1

[Event "*** Titled Tuesday Blitz"]
[Site "Chess.com"]
[Date "2019.08.06"]
[Round "3"]
[White "AntonSmirnov"]
[Black "underdogchss"]
[Result "1-0"]
[WhiteElo "2864"]
[BlackElo "2505"]
[TimeControl "180+2"]
[EndTime "13:39:48 PDT"]
[Termination "AntonSmirnov won by resignation"]

1. e4 c5 2. Nf3 d6 3. d4 cxd4 4. Nxd4 Nf6 5. Nc3 a6 6. Be3 Ng4 7. Bg5 h6 8. Bc1 Nf6 9. Bd3 Nc6 10. Nxc6 bxc6 11. b3 g6 12. Bb2 Bg7 13. Na4 O-O 14.
O-O c5 15. Qe2 Bg4 16. f3 Bd7 17. Nc3 Nh5 18. Qd2 Bd4+ 19. Kh1 e5 20. Nd1 Qh4 21. Qe1 Qxe1 22. Rxe1 Nf4 23. Bf1 Bxb2 24. Nxb2 Bb5 25.
Rad1 Rfd8 26. g3 Ne6 27. c3 Bxf1 28. Rxf1 a5 29. Na4 Rab8 30. Rd2 Kf8 31. Rfd1 Ke7 32. Nb2 Rb6 33. Kg2 Ra6 34. Kf2 f5 35. Ke3 fxe4 36. fxe4 Rf8 37. h4 Ng7 38. Nc4 Rf6 39. Ke2 Ne8 40. Ne3 Rf8 41. Nd5+ Ke6 42. Ke3 Rf7 43. a3 Raa7 44. Rf2 Rxf2 45. Kxf2 Rb7 46. b4 cxb4 47. cxb4 axb4 48. axb4 Nc7 49. Nxc7+ Rxc7 50. Rb1 Rc2+ 51. Kf1 Kd7 52. b5 Kc7 53. Rd1 Rb2 54. Rd5 Rb4 55. Kf2 Rxe4 56. b6+ Kc6 57. Rb5 Kb7 58. Kf3 Rd4 59. Rb1 Rc4 60. Rb3 d5 61. Rb5 Rc3+ 62. Kf2 Rd3 63. g4 e4 64. Ke2 g5 65. h5 Rd4 66. Ke3 Rd3+ 67. Ke2 Rd4 68. Rb3 Rc4 69. Ke3 Rc6 70. Rb5 Rd6 71. Kd4 Rxb6 72. Rxd5 Rb4+ 73.
Ke3 Kc6 74. Ra5 Kc7 75. Ra6 Rb6 76. Rxb6 Kxb6 77. Kxe4 Kc5 78. Kf5 Kd5 79. Kg6 Ke6 80. Kxh6 Kf6 81. Kh7 Kf7 82. h6 Kf6 83. Kg8 Ke5 84. h7 Kf4 85. h8=Q Kxg4 86. Qf6 1-0

[Event "*** Titled Tuesday Blitz"]
[Site "Chess.com"]
[Date "2019.08.06"]
[Round "3"]
[White "GremioPrudente"]
[Black "smshk35"]
[Result "0-1"]
[WhiteElo "2224"]
[BlackElo "2346"]
[TimeControl "180+2"]
[EndTime "13:39:57 PDT"]
[Termination "smshk35 won on time"]

1. Nf3 Nf6 2. c4 g6 3. d4 Bg7 4. Nc3 O-O 5. g3 d6 6. Bg2 c6 7. O-O Bf5 8. b3 Ne4 9. Bb2 d5 10. cxd5 cxd5 11. e3 Nc6 12. Nxe4 Bxe4 13. Nd2 Bxg2 14.
Kxg2 Rc8 15. Rc1 Qa5 16. a3 Nb8 17. b4 Qd8 18. Nb3 b6 19. Rxc8 Qxc8 20. Qc1 e6 21.
Qxc8 Rxc8 22. Rc1 Rxc1 23. Nxc1 Kf8 24. Kf3 Ke7 25. Nd3 Kd6 26. Ke2 Kc6 27. Bc3 a6 28.
Kd2 Nd7 29. Kc2 Bf8 30. Kb3 Bd6 31. f3 h5 32. e4 dxe4 33. fxe4 Bc7 34. Kc4 Nf6 35.
Nf2 h4 36. gxh4 Bxh2 37. Kd3 Nh5 38. Nh3 f6 39. Be1 Kb5 40. Kc3 Ka4 41. Kb2 Bf4 42. Bf2 Bc7 43. d5 exd5 44. exd5 Kb5 45. Kb3 a5 46. a4+ Ka6 47. b5+ Kb7 48. Kc4 Bd6 49. Bd4 Bg3 50. d6 Bxd6 51. Kd5 Bc7 52. Ke6 f5 53. Kf7 f4 54. Kxg6 Ng3 55. h5 Ne2 56. Bf2 f3 57. h6 Be5 58. h7 Nc3 59. Ng5 Nxa4 60. Nf7 Bc3 61. Nd8+ Kc8 62. Ne6 Nc5 63. Ng7 Bxg7 64. Kxg7 Ne6+ 65. Kf7 Ng5+ 66. Kg6 Nxh7 67. Kxh7 a4 68. Bxb6 a3 69. Bd4 a2 70. Kg6 f2 71.
Bxf2 a1=Q 72. Bh4 Kb7 73. b6 Kxb6 74. Bd8+ Kc6 75. Bf6 Qg1+ 76. Kf5 Qf1+ 77. Ke6 Qe2+ 78. Kf7 Qe4 79. Kg7 Kd5 80. Kf7 Qe6+ 81. Kg7 Qe8 82. Bg5 Ke6 83. Kh6 Qf7 84. Bh4 Kf5 0-1